 Dungeon Crawl Stone Soup version 0.29-a0-364-g921d912d32 (webtiles) character file.

Game seed: 14795869412998381889

264 jlumianski the Skirmisher (level 5, -6/42 HPs)
             Began as a Demonspawn Fighter on Apr 30, 2022.
             Asphyxiated
             ... in a sewer.
             The game lasted 00:11:37 (3730 turns).

jlumianski the Skirmisher (Demonspawn Fighter)      Turns: 3730, Time: 00:11:37

Health: -6/42      AC: 11    Str: 18    XL:     5   Next: 98%
Magic:  5/5        EV:  7    Int:  9    God:
Gold:   136        SH:  5    Dex: 13    Spells: 4/4 levels left

rFire   . . .      SeeInvis .   a - +0 war axe
rCold   . . .      Faith    .   c - +0 buckler
rNeg    . . .      Spirit   .   o - +0 chain mail
rPois   .          Reflect  .   (helmet restricted)
rElec   .          Harm     .   (no cloak)
rCorr   .          Rampage  .   (no gloves)
Will    .....                   (no boots)
Stlth   ..........              (no amulet)
HPRegen 0.14/turn               (no ring)
MPRegen 0.09/turn               (no ring)

@: lethally poisoned (-6 -> -27)
A: antennae 2, thin metallic scales 1
a: no special abilities


You were in a sewer.
You visited 1 branch of the dungeon, and saw 4 of its levels.
You also visited: Sewer.

You collected 136 gold pieces.

Inventory:

Hand Weapons
 a - a +0 war axe (weapon)
 t - a +0 lajatang
 u - a +0 dagger
 x - a +3 hand axe
Missiles
 j - 112 stones (quivered)
 k - 7 poisoned darts
Armour
 b - a +0 scale mail
 c - a +0 buckler (worn)
 o - a +0 chain mail (worn)
Jewellery
 p - an amulet of faith
Scrolls
 e - a scroll of magic mapping
 g - a scroll of identify {unknown}
 i - 2 scrolls of noise {unknown}
 m - 2 scrolls of blinking {unknown}
 n - 2 scrolls of amnesia {unknown}
 r - 2 scrolls of teleportation {unknown}
 s - a scroll of vulnerability {unknown}
 v - 2 scrolls of enchant weapon {unknown}
Potions
 d - 2 potions of might
 f - 2 potions of haste
 h - a potion of cancellation
 l - a potion of brilliance {unknown}
 q - a potion of curing
 w - a potion of attraction {unknown}
 z - a potion of heal wounds {unknown}


   Skills:
 + Level 4.0 Fighting
 + Level 3.3 Axes
 + Level 3.6 Armour
 + Level 1.1 Dodging
 + Level 0.3 Stealth
 + Level 3.7 Shields


You had 4 spell levels left.
You didn't know any spells.
Your spell library contained the following spells:

 Spells                   Type           Power      Damage    Failure   Level
 Animate Skeleton         Necr           0%         N/A       100%        1
 Pain                     Necr           0%         1d4       100%        1
 Vampiric Draining        Necr           0%         2d6       100%        3


Dungeon Overview and Level Annotations

Branches:
Dungeon (4/15)              Sewer (1/1)
 Temple: D:4-7

Altars:

Shops:
D:2 (


Innate Abilities, Weirdness & Mutations

You have a pair of antennae on your head.
You are partially covered in thin metallic scales. (AC +2)


Message History

You kill the kobold!
The kobold brigand completely misses you.
The kobold brigand hits you with a +0 club.
* * * LOW HITPOINT WARNING * * *
The kobold brigand hits you but does no damage.
You block the kobold brigand's attack.
You hit the kobold brigand.
The kobold brigand is severely wounded.
You barely miss the kobold brigand.
The kobold brigand hits you with a +0 short sword.
* * * LOW HITPOINT WARNING * * *
The kobold brigand barely misses you.
The kobold brigand hits you with a +0 short sword.
* * * LOW HITPOINT WARNING * * *
You block the kobold brigand's attack.
It was a potion of haste.
You feel yourself speed up.
You feel yourself speed up.
The kobold brigand hits you with a +0 short sword.
* * * LOW HITPOINT WARNING * * *
The kobold brigand hits you but does no damage.
It was a potion of cancellation.
Your magical effects are unravelling.
You feel magically purged.
You feel yourself slow down.
The kobold brigand hits you but does no damage.
The kobold brigand hits you with a +0 club.
* * * LOW HITPOINT WARNING * * *
Okay, then.
It was a potion of curing.
You feel better.
The kobold brigand hits you but does no damage.
The kobold brigand barely misses you.
The kobold brigand attacks as you move away!
The kobold brigand hits you but does no damage.
The kobold brigand attacks as you move away!
The kobold brigand hits you but does no damage.
The kobold brigand throws a curare-tipped dart.
The curare-tipped dart hits you.
You are lethally poisoned!
You have difficulty breathing.
You die...

≈#≈≈≈≈≈≈≈≈≈≈≈≈≈≈..≈≈
#≈#≈≈≈≈≈≈≈≈≈≈≈≈≈≈≈≈≈
#≈≈≈≈≈≈≈≈≈≈≈≈≈≈≈≈≈≈
#≈≈≈≈≈≈≈≈≈≈≈≈≈≈≈≈. ≈##
####≈≈≈≈≈≈≈≈≈≈≈≈.≈...
≈#).#..#≈≈≈≈≈≈≈≈≈≈.≈.....
≈#....)#..≈≈.............
#...K'@................
≈#....K#.................
≈#!.#..#...............##
≈## ######..###......####
#### ##...###### #####
#∩. ###


You could see 2 kobold brigands.

Vanquished Creatures
  An orc priest (D:4)
  2 hounds (D:4)
  An orc wizard (D:4)
  6 adders
  A worm (D:4)
  2 dart slugs
  3 orcs (D:4)
  10 ball pythons
  8 endoplasms
  7 giant cockroaches
  11 goblins
  6 hobgoblins
  2 jackals (D:1)
  2 quokkas (D:1)
  5 bats
  2 frilled lizards
  7 kobolds
  11 rats
87 creatures vanquished.

Notes
Turn   | Place    | Note
-------+----------+-------------------------------------------
     0 | D:1      | jlumianski the Demonspawn Fighter began the quest for the
                  | Orb.
     0 | D:1      | Reached XP level 1. HP: 18/18 MP: 1/1
   327 | D:1      | Gained mutation: You have a pair of small antennae on your
                  | head. [demonic ancestry]
   327 | D:1      | Reached XP level 2. HP: 22/24 MP: 2/2
   459 | D:1      | Found a faded altar of an unknown god.
   639 | D:1      | Reached XP level 3. HP: 14/29 MP: 3/3
  1153 | D:2      | Found Tattehik's Antique Weapon Shoppe.
  2233 | D:3      | Gained mutation: You have a pair of antennae on your head.
                  | [demonic ancestry]
  2233 | D:3      | Reached XP level 4. HP: 32/35 MP: 4/4
  3215 | D:4      | Reached skill level 1 in Dodging
  3215 | D:4      | Gained mutation: You are partially covered in thin metallic
                  | scales. (AC +2) [demonic ancestry]
  3215 | D:4      | Reached XP level 5. HP: 39/42 MP: 5/5
  3379 | D:4      | Found a glowing drain.
  3406 | Sewer    | Entered a sewer
  3665 | Sewer    | Reached skill level 4 in Fighting
  3728 | Sewer    | HP: 1/42 [kobold brigand/+0 club (4)]
  3730 | Sewer    | Asphyxiated

Illustrated notes

Levels and vault maps discovered:
D:1:      dpeg_arrival_another_circle, layout_basic,
          dilly_ecumenical_altar_fadedgnrine
D:2:      layout_basic, serial_shops, shop
D:3:      minmay_razor_zed, layout_rooms, minmay_diced_spiral
D:4:      layout_loops_ring, serial_shops, kennysheep_mini_moat,
          portal_sewer_entry_e, gammafunk_ghost_smash, goddamned_bats,
          uniq_pikel, uniq_duvessa, uniq_menkaure, uniq_eustachio
Sewer:    sewer_minmay_treatment

Skill      XL: |  1  2  3  4  5 |
---------------+----------------+-----
Armour         | 3 |  3.6
Axes           | 2 3 |  3.3
Shields        | 3 |  3.7
Dodging        | 1 |  1.1
Fighting       | 4 |  4.0
Stealth        | |  0.3

Action                   |  1- 3 |  4- 6 || total
-------------------------+-------+-------++-------
Melee: War axe           |   121 |   108 ||   229
  Use: Scroll            |       |     1 ||     1
       Potion            |       |     3 ||     3
Armor: Scale mail        |    51 |       ||    51
       Chain mail        |    35 |   118 ||   153
Dodge: Dodged            |    57 |    48 ||   105
Block: Buckler           |    32 |    35 ||    67

Table legend: (Time is in decaauts)
 A = Elapsed time spent in this place.
 B = Non-inter-level travel time spent in this place.
 C = Inter-level travel time spent in this place.
 D = Time resting spent in this place.
 E = Time spent auto-exploring this place.
 F = Levels seen in this place.
 G = Mean time per level.
                   A        B        C        D        E       F      G
               +--------+--------+--------+--------+--------+-----+--------+
         Total |   3838 |   3789 |     49 |    456 |   1854 |   5 |  767.6 |
       Dungeon |   3502 |   3453 |     49 |    281 |   1854 |   4 |  875.5 |
         Sewer |    336 |    336 |      0 |    175 |      0 |   1 |  336.0 |
               +--------+--------+--------+--------+--------+-----+--------+

Top non-repeatable levels by time:
     D:2: 1581 daAuts
     D:1: 1058 daAuts
     D:3: 606 daAuts
   Sewer: 336 daAuts
     D:4: 256 daAuts
